 Dungeon Crawl Stone Soup version 0.14-a0-77-g9a1e883 (webtiles) character file.

131631 Malachi the Blocker (level 17, -1/113 (127) HPs)
             Began as a Human Fighter on Sept 28, 2013.
             Was a High Priest of Okawaru.
             Shot with an arrow by a centaur warrior (12 damage)
             ... on Level 16 of the Dungeon on Oct 1, 2013.
             The game lasted 02:04:47 (41870 turns).

Malachi the Blocker (Human Fighter)                Turns: 41870, Time: 02:04:47

HP  -1/113 (127) AC 31     Str 23      XL: 17   Next: 29%
MP  25/25        EV 17     Int 12      God: Okawaru [*****.]
Gold 875         SH 48     Dex 13      Spells:  0 memorised, 16 levels left

Res.Fire  : x . .   See Invis. : +   a - +1 falchion (protect)
Res.Cold  : + + .   Warding    : .   K - +0 ice dragon armour
Life Prot.: . . .   Conserve   : .   L - +0 large shield
Res.Poison: .       Res.Corr.  : .   o - +0 horned helmet {Int+3}
Res.Elec. : .       Clarity    : .   C - +2 cloak
Sust.Abil.: . .     Spirit.Shd : .   Y - +3 pair of gauntlets of War {Acc+5 Dam+5}
Res.Mut.  : .       Stasis     : .   Q - +0 pair of boots
Res.Rott. : .       Flight     : .   w - amulet of faith
Saprovore : . . .                    g - +5,+5 ring of slaying
                                     v - ring of see invisible

@: invisible, very slightly contaminated, heroism, somewhat resistant to hostile
enchantments, unstealthy
A: sense surroundings 1, spit poison 1
a: Spit Poison, Heroism, Finesse, Renounce Religion
}: 1/15 runes: serpentine


You were on level 16 of the Dungeon.
You worshipped Okawaru.
Okawaru was extremely pleased with you.
You were not hungry.

You visited 4 branches of the dungeon, and saw 30 of its levels.
You also visited: Labyrinth and Ossuary.

You collected 1627 gold pieces.
You spent 772 gold pieces at shops.

Inventory:

Hand weapons
 a - a +1,+1 falchion of protection (weapon)
 c - the +5,+3 crossbow of the Horn {venom, rF+ rN+ SInv}
   (Okawaru gifted it to you on level 4 of the Lair of Beasts)

   It poisons the ammo it fires.
   It protects you from fire.
   It protects you from negative energy.
   It enhances your eyesight.
 x - a +2,+4 scimitar of flaming
 I - the -2,+2 triple sword of the Yoke {pain, -Cast +Fly rElec MR+}
   (Okawaru gifted it to you on level 5 of the Snake Pit)

   In the hands of one skilled in necromantic magic, it inflicts extra damage on
   living creatures.
   It insulates you from electricity.
   It affects your resistance to hostile enchantments.
   It lets you fly.
   It prevents spellcasting.
 M - a +6,+0 scimitar of holy wrath
 S - a +2,+0 scimitar of draining
Armour
 o - a +0 horned helmet of intelligence (worn)
 C - a +2 cloak (worn)
 F - a +2 pair of gauntlets
 K - a +0 ice dragon armour (worn)
 L - a +0 large shield (worn)
 Q - a +0 pair of boots (worn)
 Y - the +3 pair of gauntlets of War (worn) {Acc+5 Dam+5}
   (You bought it in a shop on level 5 of the Snake Pit)

   It affects your accuracy (+5).
   It affects your damage-dealing abilities (+5).
Magical devices
 k - a wand of digging (6)
 m - a wand of invisibility (9)
Comestibles
 d - 10 bread rations
 l - 9 meat rations
 n - a royal jelly
Scrolls
 h - 3 scrolls of fog
 t - a scroll of enchant armour
 z - 7 scrolls of remove curse
 A - 2 scrolls of magic mapping
 B - 4 scrolls of amnesia
 D - a scroll of identify
 E - 2 scrolls of recharging
 H - 2 scrolls of enchant weapon II
 T - a scroll of summoning
Jewellery
 g - a +5,+5 ring of slaying (right hand)
 q - an uncursed ring of protection from fire
 r - an uncursed ring of wizardry
 v - a ring of see invisible (left hand)
 w - an amulet of faith (around neck)
 y - an uncursed ring of flight
 J - an uncursed ring of regeneration
 O - an uncursed amulet of resist corrosion
 P - a +3 ring of protection
 V - a +3,+3 ring of slaying
Potions
 b - 3 potions of agility
 e - a potion of curing
 f - 2 potions of restore abilities
 i - 3 potions of magic
 j - 3 potions of might
 u - a potion of flight
 R - 3 potions of invisibility
Books
 G - Roxanne's Catalogue of Earthen Moulding
   (You took it off Roxanne on level 15 of the Dungeon)

   Spells                             Type                      Level
   Stoneskin                          Transmutation/Earth          2
   Passwall                           Transmutation/Earth          3
   Polymorph                          Hexes/Transmutation          4
   Alistair's Intoxication            Transmutation/Poison         4
   Statue Form                        Transmutation/Earth          6
Rods
 p - a +2 rod of frigid destruction (9/9)
   (You found it in a labyrinth)
 U - a +2 rod of striking (8/8)
   (You took it off a minotaur in a labyrinth)


   Skills:
 + Level 10.2(15.2) Fighting
 + Level 13.4(18.4) Long Blades
 + Level 0.2(5.2) Maces & Flails
 + Level 2.0(7.0) Throwing
 + Level 10.2(15.2) Armour
 + Level 13.4(18.4) Dodging
 - Level 0.7(5.7) Stealth
 + Level 16.8(21.8) Shields
 * Level 6.0 Invocations
 - Level 1.2 Evocations


You had 16 spell levels left.
You didn't know any spells.

Dungeon Overview and Level Annotations

Branches:
Dungeon (16/27)            Temple (1/1) D:5             Orc (0/4) D:10
   Lair (8/8) D:10         Shoals (0/5) Lair:4        Snake (5/5) Lair:4
  Slime (0/6) Lair:6
 Vaults: D:15-20

Altars:
Ashenzari
Cheibriados
Elyvilon
Fedhas
Kikubaaqudgha
Makhleb
Nemelex Xobeh
Okawaru
Sif Muna
Trog
Vehumet
Xom
Yredelemnul
Zin
the Shining One

Shops:
D:8 }   D:11 %   D:16 (   Snake:3 /   Snake:4 =   Snake:5 [


Innate Abilities, Weirdness & Mutations

You passively map a small area around you.
You can spit poison.


Message History

The centaur shoots a poisoned arrow.
The poisoned arrow misses you.
The centaur warrior shoots an arrow.
The wizard points at something and mumbles some strange words.
The centaur warrior shoots an arrow.
You see here a poisoned arrow.
The centaur warrior shoots an arrow.
The arrow hits you!
* * * LOW HITPOINT WARNING * * *
The wizard casts a spell at you. The bolt of lightning misses you.
You see here an arrow.
Read which item? (? for menu, Esc to quit)
As you read the scroll of fog, it crumbles to dust.
The scroll dissolves into smoke.
The centaur shoots a poisoned arrow.
You block the poisoned arrow.
The centaur warrior shoots an arrow.
You block the arrow.
The wizard points at you and mumbles some strange words.
The centaur shoots a poisoned arrow.
You block the poisoned arrow.
The centaur warrior shoots an arrow.
The arrow misses you.
The centaur warrior shoots an arrow.
The arrow hits you!
You die...

* **##§TcZ.## , ,,
##ccJ.@## ***,,
##..(..## ,
*##.....## ,
##((§§§## ##(§§§§##
##cc§§§## **
##§§§..### ,
##§@8...# * ,
##.....# , , *
##...## *
###########...#
#.............# *
#.............####
#................#
*
,#.........######.#
#........## * .≈


You could see a centaur warrior.

Vanquished Creatures
  Lamia (Snake:5)
  Frederick (Snake:5)
  Nikola (Snake:3)
  Roxanne (D:15)
  5 greater nagas
  A minotaur (Lab)
  4 hydras
  Erica (Lair:4)
  3 anacondas
  8 death yaks
  2 rakshasas
  16 naga warriors
  4 centaur warriors
  A catoblepas (Lair:4)
  10 skeletal warriors
  An unseen horror (D:14)
  6 hill giants
  2 slime creatures (D:16)
  2 cyclopes
  3 elephants (Lair:8)
  2 griffons
  A wolf spider (Lair:3)
  29 black mambas
  A stone giant skeleton (D:16)
  A spiny worm (Lair:3)
  A spriggan druid (Lair:8)
  11 spiny frogs
  A guardian serpent (Snake:5)
  5 komodo dragons
  A yaktaur (D:16)
  4 fire drakes
  21 naga magi
  6 spriggans (Lair:8)
  A hydra zombie (D:11)
  A queen bee (Lair:4)
  Sonja (D:15)
  2 polar bears
  3 trolls
  A spriggan (shapeshifter) (D:14)
  A two-headed ogre (D:12)
  A griffon zombie (D:15)
  12 blink frogs
  6 grizzly bears (Lair:8)
  A basilisk (Lair:4)
  5 wyverns
  33 yaks
  2 trapdoor spiders
  A wraith (D:14)
  10 hippogriffs
  An elf zombie (Ossuary)
  4 vampire mosquitoes (D:16)
  14 ugly things
  A steam dragon (D:7)
  A manticore (D:12)
  A hill giant skeleton (D:16)
  2 hungry ghosts
  A human zombie (Ossuary)
  A soldier ant (D:14)
  33 wolves
  9 porcupines
  A freezing wraith (D:16)
  3 ice beasts
  4 orc warriors
  A sky beast (D:5)
  5 giant goldfish
  A boring beetle (Lair:3)
  18 centaurs
  2 phantoms
  69 nagas
  2 yellow wasps
  5 ogres
  5 black bears
  11 crocodiles
  Sigmund (D:6)
  4 big kobolds
  4 giant slugs
  32 water moccasins
  A yaktaur zombie (D:14)
  Blork the orc (D:5)
  17 giant frogs
  A gnoll sergeant (D:6)
  7 agate snails
  A cyclops skeleton (D:14)
  22 killer bees
  A troll zombie (D:11)
  A wight (D:8)
  A jellyfish (Snake:2)
  5 electric eels
  2 pulsating lumps (Lair:6)
  10 crimson imps
  8 big fish
  4 goliath beetles
  2 lava snakes (Lair:1)
  7 jellies
  4 quasits
  12 hounds
  8 iguanas
  5 worker ants
  A giant frog skeleton (D:9)
  4 gnoll shamans (D:6)
  12 orc priests
  13 orc wizards
  6 scorpions
  A basilisk skeleton (D:10)
  A killer bee zombie (D:13)
  29 sheep
  An orange rat (Snake:4)
  A big kobold zombie (Ossuary)
  A crocodile skeleton (D:6)
  5 mummies
  2 hound zombies
  2 big kobold skeletons
  33 gnolls (D:6)
  71 adders
  9 giant centipedes
  63 green rats
  An inept feature mimic (D:8)
  5 giant mites
  A giant mite (shapeshifter) (D:15)
  5 worms
  An iguana zombie (D:5)
  2 giant eyeballs
  4 giant geckos
  5 oozes (D:9)
  72 orcs
  27 bats
  A bat skeleton (D:4)
  5 giant cockroaches
  15 goblins
  29 hobgoblins
  41 jackals
  11 quokkas
  2 ball pythons
  8 giant newts
  2 gnoll zombies (Ossuary)
  2 goblin zombies
  2 hobgoblin skeletons
  A hobgoblin zombie (Ossuary)
  20 illusory rakshasas (D:15)
  A jackal zombie (Ossuary)
  29 kobolds
  A kobold zombie (Ossuary)
  An orc zombie (Ossuary)
  22 rats
  3 rat zombies
  A plant (Lair:6)
1169 creatures vanquished.

Vanquished Creatures (collateral kills)
  A water moccasin (Lair:6)
1 creature vanquished.

Vanquished Creatures (others)
  The ghost of Kabixx the Ducker, an experienced LOSk of Okawaru (D:8)
  A naga mage (Snake:5)
  A shadow (D:16)
  Edmund (D:8)
  A giant frog zombie (D:8)
  A fungus (Lair:3)
  7 plants
13 creatures vanquished.

Grand Total: 1183 creatures vanquished

Notes
Turn   | Place    | Note
--------------------------------------------------------------
     0 | D:1      | Malachi, the Human Fighter, began the quest for the Orb.
     0 | D:1      | Reached XP level 1. HP: 18/18 MP: 0/0
   247 | D:1      | Reached XP level 2. HP: 24/24 MP: 1/1
   429 | D:1      | Reached XP level 3. HP: 30/30 MP: 2/2
  1016 | D:2      | Found a white marble altar of Elyvilon.
  1018 | D:2      | Found a glowing silver altar of Zin.
  1159 | D:2      | Found a radiant altar of Vehumet.
  1252 | D:2      | Reached skill level 1 in Dodging
  1316 | D:2      | Reached XP level 4. HP: 26/36 MP: 3/3
  1951 | D:3      | Reached skill level 4 in Shields
  1951 | D:3      | Reached XP level 5. HP: 42/42 MP: 4/4
  2983 | D:3      | Noticed a centaur
  2997 | D:3      | Killed a centaur
  2997 | D:3      | Reached XP level 6. HP: 26/48 MP: 5/5
  3759 | D:4      | Noticed an orc warrior
  3786 | D:5      | Entered Level 5 of the Dungeon
  4050 | D:5      | Reached skill level 5 in Shields
  4050 | D:5      | Reached XP level 7. HP: 51/54 MP: 6/6
  4125 | D:5      | Noticed Blork the orc
  4142 | D:5      | Killed Blork the orc
  4671 | D:5      | Reached skill level 5 in Armour
  5069 | D:5      | Noticed a sky beast
  5098 | D:5      | Killed a sky beast
  5098 | D:5      | Reached XP level 8. HP: 25/60 MP: 7/7
  5469 | D:5      | Paralysed by a giant eyeball for 3 turns
  5856 | D:5      | Reached skill level 6 in Shields
  6305 | D:5      | Found a staircase to the Ecumenical Temple.
  6360 | Temple   | Entered the Ecumenical Temple
  6436 | Temple   | Became a worshipper of Warmaster Okawaru
  7429 | D:4      | Killed an orc warrior
  7429 | D:4      | Reached skill level 1 in Throwing
  7657 | D:6      | Noticed Sigmund
  7680 | D:6      | Killed Sigmund
  8086 | D:6      | Reached XP level 9. HP: 47/66 MP: 8/8
  8386 | D:6      | HP: 3/66 [poisoned by a gnoll]
  8708 | D:6      | Acquired Okawaru's first power
  9022 | D:6      | Reached skill level 7 in Shields
  9444 | D:6      | Reached skill level 5 in Dodging
  9655 | D:6      | Reached skill level 5 in Long Blades
 10277 | D:7      | Found a sand-covered staircase.
 10285 | Ossuary  | Entered an ossuary
 10650 | Ossuary  | Reached XP level 10. HP: 74/74 MP: 9/9
 10915 | D:7      | Reached skill level 5 in Fighting
 10915 | D:7      | Reached skill level 8 in Shields
 11873 | D:8      | Noticed Kabixx's ghost (experienced LOSk)
 11875 | D:8      | Noticed Edmund
 11906 | D:8      | Killed Kabixx's ghost
 11918 | D:8      | Killed Edmund
 12280 | D:8      | Found Pruoguy's Gadget Shoppe.
 12314 | D:8      | Noticed a cyclops
 12330 | D:8      | Killed a cyclops
 12412 | D:8      | Found a bloodstained altar of Trog.
 12429 | D:8      | Found a shimmering altar of Xom.
 12813 | D:9      | Gained mutation: Your vision is a little blurry. [potion of mutation]
 12813 | D:9      | Gained mutation: You have sharp fingernails. [potion of mutation]
 12813 | D:9      | Gained mutation: Space occasionally distorts in your vicinity. [potion of mutation]
 12814 | D:9      | Lost mutation: Space occasionally distorts in your vicinity. [potion of mutation]
 12814 | D:9      | Gained mutation: Your mind is acute. (Int +2) [potion of mutation]
 12814 | D:9      | Gained mutation: Armour fits poorly on your strangely shaped body. [potion of mutation]
 12815 | D:9      | Gained mutation: You possess an exceptional clarity of mind. [potion of mutation]
 12815 | D:9      | Gained mutation: Your muscles are strong. (Str +2) [potion of mutation]
 12815 | D:9      | Lost mutation: You have sharp fingernails. [potion of mutation]
 12816 | D:9      | Gained mutation: Your vision is quite blurry. [potion of mutation]
 12816 | D:9      | Gained mutation: Your body is slowly deteriorating. [potion of mutation]
 12816 | D:9      | Gained mutation: Your magical capacity is low (-10% MP). [potion of mutation]
 12817 | D:9      | Gained mutation: You occasionally shout uncontrollably. [potion of mutation]
 12817 | D:9      | Gained mutation: Your system is resistant to poisons. [potion of mutation]
 13156 | D:10     | Entered Level 10 of the Dungeon
 13182 | D:10     | Reached skill level 1 in Invocations
 13193 | D:10     | Reached skill level 9 in Shields
 13500 | D:10     | Reached XP level 11. HP: 62/80 MP: 7/10
 13521 | D:10     | Found an iron altar of Okawaru.
 13668 | D:10     | Found a staircase to the Orcish Mines.
 13728 | D:10     | Noticed a hill giant
 14036 | D:10     | Killed a hill giant
 14036 | D:10     | Acquired Okawaru's second power
 14202 | D:10     | Noticed a hill giant
 14217 | D:10     | Killed a hill giant
 14237 | D:10     | Found a bloodstained altar of Trog.
 14466 | D:10     | Found a staircase to the Lair.
 14581 | Lair:1   | Entered Level 1 of the Lair of Beasts
 14606 | Lair:1   | Found a labyrinth entrance.
 14624 | Lair:1   | Received a gift from Okawaru
 14648 | Lab      | Entered a labyrinth
 14839 | Lab      | Noticed a minotaur
 14842 | Lab      | Paralysed by a minotaur for 4 turns
 14857 | Lab      | Killed a minotaur
 14857 | Lab      | Reached skill level 10 in Shields
 14867 | Lab      | Got a shimmering tin ring
 14872 | Lab      | Identified the ring "Gietupuwk" {-Tele rPois Str+1 Dex+2} (You found it in a labyrinth)
 15044 | Lair:1   | Identified a +2 rod of frigid destruction (9/9) (You found it in a labyrinth)
 15046 | Lair:1   | Identified a +2 rod of striking (8/8) (You took it off a minotaur in a labyrinth)
 15416 | Lair:1   | Got a steaming golden ring
 16414 | Lair:2   | Received a gift from Okawaru
 16826 | Lair:3   | Reached XP level 12. HP: 85/88 MP: 13/13
 16923 | Lair:3   | Noticed a wolf spider
 16934 | Lair:3   | Killed a wolf spider
 17628 | Lair:3   | Reached skill level 11 in Shields
 17899 | Lair:3   | Upgraded the game from 0.14-a0-40-g75911bd to 0.14-a0-77-g9a1e883
 18288 | Lair:4   | Noticed Erica
 18330 | Lair:4   | Killed Erica
 18754 | Lair:4   | Received a gift from Okawaru
 18768 | Lair:4   | Got a crude crossbow {god gift}
 18792 | Lair:4   | Identified the +5,+3 crossbow of the Horn {venom, rF+ rN+ SInv} (Okawaru gifted it to you on level 4 of the Lair of Beasts)
 18792 | Lair:4   | Identified the +5,+3 crossbow of the Horn {venom, rF+ rN+ SInv} (Okawaru gifted it to you on level 4 of the Lair of Beasts)
 18979 | Lair:4   | Noticed a catoblepas
 19001 | Lair:4   | Killed a catoblepas
 19139 | Lair:4   | Noticed a four-headed hydra
 19156 | Lair:4   | Killed a four-headed hydra
 19425 | Lair:4   | Paralysed by a potion of paralysis for 7 turns
 19475 | Lair:4   | Found a staircase to the Shoals.
 19519 | Lair:4   | Reached XP level 13. HP: 71/95 MP: 16/16
 20149 | Lair:4   | Reached skill level 12 in Shields
 20208 | Lair:4   | Found a staircase to the Snake Pit.
 20402 | Lair:4   | Identified the ring of Xijom {+/*Tele rF+ rC+ Str-1 SInv} (You found it on level 1 of the Lair of Beasts)
 20495 | Lair:5   | Received a gift from Okawaru
 20498 | Lair:5   | Got a jewelled plate armour {god gift}
 20520 | Lair:5   | Identified the -1 plate armour "Yrokhlei" {+Blink rPois rN+ Str-1} (Okawaru gifted it to you on level 5 of the Lair of Beasts)
 20716 | Lair:5   | Reached skill level 10 in Long Blades
 21358 | Lair:5   | Reached skill level 10 in Dodging
 21783 | Lair:6   | Found a staircase to the Slime Pits.
 21966 | Lair:6   | Reached skill level 13 in Shields
 21989 | Lair:6   | Received a gift from Okawaru
 22750 | Lair:7   | Reached XP level 14. HP: 90/103 MP: 11/18
 23119 | Lair:7   | Received a gift from Okawaru
 23553 | Lair:8   | Entered Level 8 of the Lair of Beasts
 24355 | Lair:8   | Identified the Catalogue of Toxic Black Rites (You found it on level 8 of the Lair of Beasts)
 24498 | Lair:8   | Reached skill level 14 in Shields
 24633 | Lair:8   | Found an ancient bone altar of Kikubaaqudgha.
 26476 | Snake:1  | Entered Level 1 of the Snake Pit
 26510 | Snake:1  | Received a gift from Okawaru
 26592 | Snake:1  | Reached skill level 1 in Evocations
 27358 | Snake:1  | Reached XP level 15. HP: 97/111 MP: 17/19
 27370 | Snake:1  | Received a gift from Okawaru
 29334 | Snake:3  | Received a gift from Okawaru
 29914 | Snake:3  | Found Aklism's Magical Wand Emporium.
 29944 | Snake:3  | Noticed Nikola
 29961 | Snake:3  | Killed Nikola
 30125 | Snake:4  | Found Striceol's Jewellery Shop.
 30146 | Snake:4  | Reached skill level 15 in Shields
 30967 | Snake:5  | Entered Level 5 of the Snake Pit
 30997 | Snake:5  | Noticed Lamia
 31016 | Snake:5  | Killed Lamia
 31016 | Snake:5  | Received a gift from Okawaru
 31019 | Snake:5  | Got a slimy triple sword {god gift}
 31255 | Snake:5  | Identified the -2,+2 triple sword of the Yoke {pain, -Cast +Fly rElec MR+} (Okawaru gifted it to you on level 5 of the Snake Pit)
 31255 | Snake:5  | Identified the -2,+2 triple sword of the Yoke {pain, -Cast +Fly rElec MR+} (Okawaru gifted it to you on level 5 of the Snake Pit)
 31328 | Snake:5  | Found Blawef's Armour Shoppe.
 31334 | Snake:5  | Bought the +3 pair of gauntlets of War {Acc+5 Dam+5} for 772 gold pieces
 31785 | Snake:5  | Noticed Frederick
 31790 | Snake:5  | Reached XP level 16. HP: 105/120 MP: 18/20
 31947 | Snake:5  | Reached skill level 5 in Invocations
 32371 | Snake:5  | Received a gift from Okawaru
 32395 | Snake:5  | Killed Frederick
 34064 | Snake:5  | Reached skill level 16 in Shields
 34469 | Snake:5  | Got a serpentine rune of Zot
 35535 | D:11     | Found Lixagus' Food Boutique.
 36310 | D:12     | Reached skill level 10 in Armour
 36962 | D:13     | Reached skill level 10 in Fighting
 36995 | D:13     | Lost mutation: Your body is slowly deteriorating. [potion of cure mutation]
 36995 | D:13     | Lost mutation: You possess an exceptional clarity of mind. [potion of cure mutation]
 36995 | D:13     | Lost mutation: Your system is resistant to poisons. [potion of cure mutation]
 36995 | D:13     | Lost mutation: Your magical capacity is low (-10% MP). [potion of cure mutation]
 36995 | D:13     | Lost mutation: You occasionally shout uncontrollably. [potion of cure mutation]
 37229 | D:13     | Received a gift from Okawaru
 37440 | D:14     | Entered Level 14 of the Dungeon
 37493 | D:14     | Lost mutation: Your muscles are strong. (Str +2) [potion of cure mutation]
 37493 | D:14     | Lost mutation: Your vision is quite blurry. [potion of cure mutation]
 37493 | D:14     | Lost mutation: Your vision is a little blurry. [potion of cure mutation]
 37493 | D:14     | Lost mutation: Your mind is acute. (Int +2) [potion of cure mutation]
 37787 | D:14     | Reached XP level 17. HP: 68/127 MP: 25/25
 38119 | D:14     | Found a snail-covered altar of Cheibriados.
 38836 | Lair:1   | Gained mutation: You can spit poison. [potion of mutation]
 38836 | Lair:1   | Gained mutation: You passively map a small area around you. [potion of mutation]
 38836 | Lair:1   | Lost mutation: Armour fits poorly on your strangely shaped body. [potion of mutation]
 39613 | D:15     | Entered Level 15 of the Dungeon
 39668 | D:15     | Noticed Sonja
 39679 | D:15     | Killed Sonja
 39691 | D:15     | Noticed Roxanne
 39729 | D:15     | Killed Roxanne
 39732 | D:15     | Identified Roxanne's Catalogue of Earthen Moulding (You took it off Roxanne on level 15 of the Dungeon)
 40356 | D:15     | Found a burning altar of Makhleb.
 41378 | D:16     | Found Twunt's Weapon Emporium.
 41870 | D:16     | Shot with an arrow by a centaur warrior

Action                   |  1- 3 |  4- 6 |  7- 9 | 10-12 | 13-15 | 16-18 || total
-------------------------+-------+-------+-------+-------+-------+-------++-------
Melee: Falchion          |   137 |   294 |   400 |   742 |  1445 |   978 ||  3996
       Long sword        |       |       |   588 |   285 |       |       ||   873
       Rod               |       |       |       |    29 |       |       ||    29
       Scimitar          |       |       |       |    25 |   147 |   114 ||   286
       Unarmed           |       |       |       |       |     5 |       ||     5
 Fire: Blowgun           |       |       |    44 |       |       |       ||    44
Invok: Heroism           |       |       |     1 |    16 |    30 |    17 ||    64
       Finesse           |       |       |       |       |     2 |     2 ||     4
Evoke: Wand              |     1 |     4 |     1 |     3 |     8 |       ||    17
       Rod               |       |       |       |     2 |       |       ||     2
  Use: Scroll            |     6 |    10 |     4 |    29 |     7 |    16 ||    72
       Potion            |       |       |     1 |    16 |     5 |    17 ||    39
 Stab: Fleeing           |       |       |       |     1 |       |       ||     1
